 Dungeon Crawl Stone Soup version 0.26-a0-651-gb41185065b (webtiles) character file.

Game seed: 11377860170219110593

31 Azzok the Firebug (level 3, 0/24 HPs)
             Began as a Demonspawn Fire Elementalist on Oct 11, 2020.
             Succumbed to an adder's poison
             ... on level 2 of the Dungeon.
             The game lasted 00:02:08 (1175 turns).

Azzok the Firebug (Demonspawn Fire Elementalist)    Turns: 1175, Time: 00:02:09

Health: 0/24       AC:  2    Str:  8    XL:     3   Next: 7%
Magic:  2/6        EV: 12    Int: 17    God:
Gold:   38         SH:  0    Dex: 13    Spells: 5/6 levels left

rFire    . . .     SeeInvis .   c - +2 dagger (drain)
rCold    + . .     Faith    .   (no shield)
rNeg     . . .     Spirit   .   a - +0 robe
rPois    .         Reflect  .   (no helmet)
rElec    .         Harm     .   (no cloak)
rCorr    .         Rampage  .   (no gloves)
MR       .....                  (no boots)
Stlth    ++........             (no amulet)
HPRegen  0.08/turn              (no ring)
MPRegen  0.10/turn              (no ring)

@: lethally poisoned (0 -> -12), very slightly contaminated
A: talons 1, cold resistance 1
a: no special abilities


You were on level 2 of the Dungeon.
You visited 1 branch of the dungeon, and saw 2 of its levels.

You collected 38 gold pieces.

Inventory:

Hand Weapons
 c - a +2 dagger of draining (weapon)
Armour
 a - a +0 robe (worn)
 l - a +0 buckler
Scrolls
 d - a scroll of remove curse {unknown}
 f - 2 scrolls of identify {unknown}
 h - a scroll of immolation {unknown}
 i - a scroll of magic mapping {unknown}
 j - a scroll of noise {unknown}
 m - a scroll of random uselessness {unknown}
 n - a scroll of fog {unknown}
 o - a scroll of enchant weapon {unknown}
Potions
 b - a potion of heal wounds {unknown}
 e - a potion of haste {unknown}
 g - a potion of brilliance {unknown}
 k - a potion of curing {unknown}


   Skills:
 - Level 1.7 Dodging
 - Level 1.7 Stealth
 - Level 2.0 Spellcasting
 + Level 2.2 Conjurations
 + Level 3.3 Fire Magic


You had 5 spell levels left.
You knew the following spells:

 Your Spells              Type           Power        Failure   Level
a - Foxfire               Conj/Fire      ##..         6%          1

Your spell library contained the following spells:

 Spells                   Type           Power        Failure   Level
 Conjure Flame            Conj/Fire      ##......     19%         3
 Inner Flame              Hex/Fire       #.......     28%         3
 Sticky Flame             Conj/Fire      ##......     52%         4
 Fireball                 Conj/Fire      ##........   86%         5


Dungeon Overview and Level Annotations

Branches:
Dungeon (2/15)

Altars:


Innate Abilities, Weirdness & Mutations

You have sharp toenails.
Your flesh is cold resistant. (rC+)


Message History

You conjure some foxfire!
* * * LOW HITPOINT WARNING * * *
You feel sick. The adder bites you.
* * * LOW HITPOINT WARNING * * *
Unknown command.
The foxfire hits the adder.
The adder is almost dead.
The foxfire hits the adder.
The adder is almost dead.
The adder bites you.
* * * LOW HITPOINT WARNING * * *
You are more poisoned.
The adder poisons you!
Casting: Foxfire (safe; 6% risk of failure)
Confirm with . or Enter, or press ? or * to list all spells.
You conjure some foxfire!
* * * LOW HITPOINT WARNING * * *
You feel sick. The adder barely misses you.
Unknown command.
You die...

·· ·▒▒···· ▒▒▒▒▒▒·▒▒
··▒··▒
·≈≈≈····▒▒▒▒····▒▒▒▒
≈··≈≈·≈·▒▒··········
≈≈≈≈≈≈≈≈▒▒·····▒
≈≈≈≈≈≈≈·▒····)·▒
≈≈≈≈≈≈·S▒v·····▒
≈·≈≈≈≈·≈··▒▒▒▒▒▒
♣_·≈≈≈··v@▒
♣♣≈≈≈≈····▒
≈≈≈≈≈≈···▒▒
≈≈≈≈≈≈···▒
≈≈≈≈≈≈··▒▒ ≈≈≈≈··≈·▒
·≈····· ▒▒·▒·▒


You could see an adder.

Vanquished Creatures
  A dart slug (D:1)
  3 leopard geckos (D:1)
  3 ball pythons
  2 bats (D:1)
  A giant cockroach (D:1)
  4 hobgoblins (D:1)
  3 kobolds
  A frilled lizard (D:1)
  5 goblins (D:1)
  2 rats (D:1)
25 creatures vanquished.

Vanquished Creatures (others)
  15 foxfires
15 creatures vanquished.

Grand Total: 40 creatures vanquished

Notes
Turn   | Place    | Note
-------+----------+-------------------------------------------
     0 | D:1      | Azzok the Demonspawn Fire Elementalist began the quest for
                  | the Orb.
     0 | D:1      | Reached XP level 1. HP: 13/13 MP: 3/3
   370 | D:1      | Reached skill level 3 in Fire Magic
   443 | D:1      | Gained mutation: Your flesh is cold resistant. (rC+)
                  | [demonic ancestry]
   443 | D:1      | Reached XP level 2. HP: 19/19 MP: 3/5
  1035 | D:1      | Gained mutation: You have sharp toenails. [demonic
                  | ancestry]
  1035 | D:1      | Reached XP level 3. HP: 22/24 MP: 6/6
  1163 | D:2      | Found a faded altar of an unknown god.
  1174 | D:2      | HP: 1/24 [poisoned by an adder]
  1175 | D:2      | Succumbed to an adder's poison

Illustrated notes

Levels and vault maps discovered:
D:1:      dpeg_arrival_tiny_c, layout_rooms, st_stairs_9,
          kennysheep_pointless_box
D:2:      layout_rooms, nicolae_overflow_crystal_walls, lemuel_round_altar,
          chequers_ecumenical_altar_island

Skill      XL: |  1  2 |
---------------+-------+-----
Fire Magic     | 3 |  3.3
Conjurations   | 2 |  2.2
Dodging        | |  1.7
Stealth        | |  1.7
Spellcasting   | |  2.0

Action                   || total
-------------------------++-------
Melee: Unarmed           ||     9
       Dagger            ||    50
       Kick              ||     1
 Cast: Foxfire           ||    15
 Stab: Sleeping          ||     2
Armor: Robe              ||    15
Dodge: Dodged            ||    49

Table legend: (Time is in decaauts)
 A = Elapsed time spent in this place.
 B = Non-inter-level travel time spent in this place.
 C = Inter-level travel time spent in this place.
 D = Time resting spent in this place.
 E = Time spent auto-exploring this place.
 F = Levels seen in this place.
 G = Mean time per level.
                   A        B        C        D        E       F      G
               +--------+--------+--------+--------+--------+-----+--------+
         Total |   1174 |   1171 |      3 |     64 |    852 |   2 |  587.0 |
       Dungeon |   1174 |   1171 |      3 |     64 |    852 |   2 |  587.0 |
               +--------+--------+--------+--------+--------+-----+--------+

Top non-repeatable levels by time:
     D:1: 1076 daAuts
     D:2: 97 daAuts
